Map: Ruins of Seras

Players

nighthawk - Winner!

  • Race: Protoss Protoss
  • League: Grandmaster

wabbajack

  • Race: Zerg Zerg
  • League: Grandmaster

VOD

Have the link to the VOD?

Description

Time

  • Played on: July 14, 2015, 12:23 p.m.
  • Length: 19:10
Show
View Real Time Build Order
Export as new Build Order

nighthawk Protoss - Winner!

Build Orders: Oracle Opening 

Get SALT Encoding   

  12  0:02  Probe  
  13  0:15  Pylon  
  13  0:27  Probe  
  14  0:37  Gateway  
  14  0:39  Probe (Chrono Boost)  
  15  0:45  Assimilator  
  15  0:51  Probe (Chrono Boost)  
  16  0:59  Probe (Chrono Boost)  
  17  1:04  Pylon  
  17  1:16  Probe (Chrono Boost)  
  18  1:26  Cybernetics Core  
  18  1:28  Probe (Chrono Boost)  
  19  1:47  Nexus  
  19  1:53  Probe  
  20  1:57  Zealot  
  22  2:03  Warp Gate  
  22  2:10  Pylon  
  22  2:20  Assimilator  
  22  2:24  Adept  
  22  2:27  Mothership Core (Chrono Boost)  
  26  2:46  Probe (Chrono Boost)  
  27  2:53  Probe  
  28  3:01  Pylon  
  28  3:03  Probe, Gateway  
  29  3:13  Stargate  
  29  3:15  Adept  
  31  3:21  Assimilator  
  31  3:23  Probe  
  31  3:25  Probe  
  33  3:42  Probe x2  
  35  3:50  Assimilator  
  35  3:54  Probe (Chrono Boost)  
  35  3:55  Probe (Chrono Boost)  
  37  3:58  Oracle (Chrono Boost)  
  42  4:03  Probe x2 (Chrono Boost)  
  42  4:13  Forge  
  42  4:20  Probe x2  
  47  4:25  Oracle (Chrono Boost)  
  43  4:32  Stalker x2, Probe  
  40  5:04  Stalker x2  
  32  5:26  Probe  
  32  5:34  Probe  
  33  5:39  Probe  
  34  5:46  Probe  
  34  5:48  Nexus  
  35  5:51  Probe  
  35  5:52  Pylon  
  36  5:58  Probe  
  36  6:03  Probe  
  38  6:15  Probe  
  39  6:25  Protoss Shields Level 1  
  39  6:35  Fleet Beacon  
  39  6:45  Pylon  
  39  6:52  Probe (Chrono Boost)  
  39  6:54  Probe (Chrono Boost)  
  41  7:04  Probe (Chrono Boost)  
  42  7:10  Void Ray  
  42  7:14  Probe  
  47  7:19  Adept  
  49  7:27  Probe (Chrono Boost)  
  51  7:31  Probe (Chrono Boost)  
  51  7:37  Probe (Chrono Boost), Carrier (Chrono Boost)  
  52  7:48  Zealot  
  52  7:49  Adept  
  56  7:51  Probe  
  56  7:53  Probe  
  58  8:03  Probe  
  58  8:05  Probe  
  66  8:06  Graviton Catapult  
  66  8:17  Probe  
  66  8:19  Probe  
  68  8:31  Probe (Chrono Boost)  
  69  8:35  Stargate  
  69  8:37  Pylon  
  69  8:40  Pylon  
  69  8:42  Assimilator  
  69  8:43  Probe (Chrono Boost)  
  69  8:46  Assimilator  
  70  8:49  Protoss Ground Weapons Level 1  
  70  8:50  Probe (Chrono Boost)  
  70  8:54  Twilight Council  
  71  8:55  Pylon  
  71  8:59  Carrier  
  71  9:00  Probe  
  71  9:02  Tempest  
  76  9:12  Probe  
  83  9:34  Nexus  
  83  9:39  Probe x3  
  83  9:45  Void Ray  
  90  9:53  Templar Archives  
  90  10:20  Adept x2  
  94  10:30  Carrier  
  94  10:32  Carrier  
  94  10:34  Pylon x2  
  94  10:35  Pylon  
  94  10:37  Pylon  
  94  10:39  Assimilator  
  94  10:43  Assimilator  
  106  11:03  Probe x3  
  109  11:10  Photon Cannon  
  109  11:12  Photon Cannon  
  109  11:15  Pylon, Protoss Air Weapons Level 1  
  109  11:19  Cybernetics Core  
  109  11:25  Pylon  
  109  11:31  Gateway  
  109  11:32  Gateway  
  109  11:34  Gateway  
  109  11:46  Blink  
  109  11:47  Protoss Shields Level 2, Psionic Storm  
  101  12:13  Carrier  
  78  12:35  Tempest  
  81  13:00  Probe  
  82  13:12  Probe  
  83  13:17  Stargate  
  83  13:18  Tempest  
  83  13:19  Pylon  
  87  13:21  Protoss Air Armor Level 1  
  87  13:22  Protoss Air Weapons Level 2  
  87  13:24  Probe  
  87  13:26  High Templar x2  
  92  13:35  Robotics Facility  
  92  13:36  Probe (Chrono Boost)  
  92  13:39  Pylon  
  94  13:48  Probe (Chrono Boost)  
  94  13:51  Photon Cannon  
  94  13:57  Probe (Chrono Boost)  
  94  13:58  Pylon  
  95  14:05  Probe  
  96  14:12  Tempest  
  100  14:17  Probe  
  100  14:21  Charge  
  101  14:32  Photon Cannon  
  101  14:33  Pylon  
  101  14:35  Photon Cannon  
  101  14:47  Nexus  
  101  14:48  Pylon  
  101  14:50  Pylon  
  98  15:05  Carrier  
  98  15:07  Tempest x2  
  98  15:13  Probe  
  107  15:21  Pylon  
  107  15:25  Probe  
  107  15:26  Pylon  
  114  15:28  Assimilator  
  114  15:29  Assimilator  
  114  15:33  Photon Cannon  
  114  15:35  Probe, Photon Cannon  
  115  15:37  Probe, Photon Cannon  
  116  15:49  Probe (Chrono Boost)  
  118  15:51  Probe (Chrono Boost)  
  118  15:53  Photon Cannon  
  118  15:55  Photon Cannon  
  118  16:00  Probe (Chrono Boost)  
  118  16:02  Probe (Chrono Boost)  
  120  16:06  Probe  
  119  16:12  Tempest  
  119  16:17  High Templar x2  
  133  16:47  Tempest  
  137  16:57  Nexus  
  137  16:59  Pylon  
  137  17:01  Pylon  
  137  17:04  Pylon  
  120  17:56  Probe  
  120  18:08  Probe  
  122  18:12  Probe  
  122  18:20  Probe  
  122  18:24  Probe  
  122  18:25  Tempest, Pylon  
  131  18:37  Probe  
Show
View Real Time Build Order
Export as new Build Order

wabbajack Zerg 

Build Orders: Hatch First, Lurkers 

Get SALT Encoding   

  12  0:01  Drone  
  13  0:09  Drone  
  14  0:20  Extractor  
  13  0:22  Drone  
  13  0:23  Drone, Extractor  
  16  0:36  Overlord  
  16  0:51  Hatchery  
  15  0:59  Drone x3  
  18  1:15  Spawning Pool  
  18  1:17  Extractor  
  16  1:32  Drone x2  
  18  1:33  Overlord  
  18  2:02  Queen  
  18  2:03  Queen  
  18  2:05  Zergling x2  
  18  2:06  Drone  
  18  2:07  Drone x2  
  26  2:20  Drone x2  
  28  2:26  Roach Warren  
  28  2:27  Drone  
  28  2:29  Drone  
  29  2:35  Metabolic Boost  
  29  2:44  Overlord  
  29  2:47  Overlord  
  29  2:53  Drone  
  30  3:14  Roach  
  30  3:15  Roach x5  
  42  3:24  Roach  
  44  3:34  Roach  
  45  3:38  Spine Crawler  
  44  3:47  Overlord  
  44  3:49  Zergling x2  
  44  3:50  Zergling x12  
  51  3:58  Overlord x2  
  51  4:16  Lair  
  51  4:17  Drone x4  
  32  5:32  Hydralisk Den  
  32  5:33  Spore Crawler  
  30  5:38  Spore Crawler  
  30  5:40  Spore Crawler  
  28  5:44  Queen  
  28  5:45  Spore Crawler  
  28  5:47  Queen  
  28  5:49  Drone x6  
  38  5:50  Drone x2  
  38  5:53  Drone x2  
  38  5:54  Extractor  
  40  5:57  Drone x3  
  40  5:58  Drone x2, Extractor  
  40  6:00  Drone x3  
  47  6:05  Extractor  
  47  6:10  Hatchery  
  45  6:48  Muscular Augments  
  45  6:49  Overlord x2, Hydralisk  
  45  6:50  Hydralisk x4  
  55  6:54  Overlord x3  
  55  7:09  Glial Reconstitution  
  55  7:11  Evolution Chamber  
  55  7:12  Evolution Chamber  
  55  7:13  Hatchery  
  52  7:20  Hydralisk, Roach x3  
  52  7:22  Roach  
  62  7:28  Hatchery  
  61  7:30  Drone  
  61  7:31  Drone x3  
  61  7:33  Drone  
  66  7:48  Zerg Missile Weapons Level 1  
  66  7:53  Zerg Ground Armor Level 1  
  66  7:57  Lurker Den  
  66  8:04  Drone x6  
  66  8:05  Drone x5  
  77  8:34  Drone x10  
  78  8:35  Drone  
  78  8:38  Queen  
  90  8:43  Infestation Pit  
  89  8:51  Hydralisk x2, Roach  
  89  8:52  Roach x3  
  89  8:55  Overlord  
  101  8:59  Queen  
  103  9:07  Overlord  
  103  9:25  Drone x2  
  103  9:27  Extractor x2  
  103  9:28  Drone x3  
  103  9:29  Drone x3  
  109  9:34  Drone x3  
  109  9:35  Extractor  
  109  9:36  Drone x3, Extractor  
  109  9:37  Drone x4  
  109  9:38  Drone  
  118  9:45  Hive  
  118  9:49  Spire, Roach x6  
  129  10:00  Overlord x4  
  129  10:04  Overseer  
  122  10:21  Spore Crawler x2  
  121  10:22  Spore Crawler, Spine Crawler  
  118  10:31  Spore Crawler  
  118  10:33  Spore Crawler  
  118  10:34  Spore Crawler  
  116  10:35  Drone x2  
  116  10:36  Drone x3  
  120  10:46  Hydralisk x2  
  120  10:47  Hydralisk x5, Roach x4  
  120  10:48  Hydralisk, Roach x5  
  120  10:49  Roach  
  156  10:59  Lurker  
  156  11:00  Lurker x3  
  156  11:02  Overlord x2  
  160  11:06  Greater Spire  
  160  11:07  Overlord  
  160  11:08  Overlord  
  160  11:15  Drone x7  
  160  11:16  Drone  
  160  11:17  Overlord  
  168  11:31  Zerg Missile Weapons Level 2  
  168  11:32  Zerg Ground Armor Level 2  
  168  11:45  Corruptor x3  
  168  11:46  Corruptor  
  150  12:18  Corruptor  
  150  12:19  Corruptor x5  
  132  12:48  Zerg Flyer Weapons Level 1, Corruptor  
  132  12:49  Corruptor x4  
  140  12:59  Hatchery  
  139  13:16  Hatchery  
  138  13:28  Corruptor x4  
  138  13:29  Hatchery, Corruptor x4  
  153  13:45  Adrenal Glands  
  153  13:48  Zerg Melee Weapons Level 1  
  153  14:07  Zerg Ground Armor Level 3  
  153  14:08  Extractor  
  152  14:12  Extractor  
  152  14:16  Drone x3  
  154  14:17  Drone x3  
  154  14:18  Drone  
  154  14:19  Drone x2  
  154  14:20  Drone x3, Extractor  
  154  14:21  Extractor  
  154  14:22  Drone x3  
  164  14:33  Drone x3, Extractor  
  164  14:34  Drone x3  
  164  14:35  Extractor  
  168  14:51  Spore Crawler  
  161  15:02  Drone x2  
  161  15:04  Drone x3  
  166  15:22  Spore Crawler  
  166  15:24  Spore Crawler  
  180  15:35  Brood Lord  
  180  15:36  Brood Lord x11  
  188  15:47  Zerg Melee Weapons Level 2  
  188  15:48  Zergling x2  
  188  15:49  Zergling x22  
  182  16:12  Corruptor  
  182  16:13  Corruptor x8  
  190  16:36  Burrow  
  190  16:38  Tunneling Claws  
  190  17:00  Corruptor, Hydralisk  
  190  17:01  Corruptor x2, Hydralisk  
  116  18:01  Corruptor  
  116  18:02  Corruptor x4, Hydralisk x5  
  116  18:03  Corruptor x6, Hydralisk x5  
  116  18:04  Corruptor x5, Hydralisk x6  
  116  18:05  Corruptor, Hydralisk x3  
  164  18:22  Hydralisk x5, Roach x2  
  164  18:23  Roach x3  
  174  18:39  Overseer x2  
Tags
 
Add a new tag
Caveats
  • Supply blocks, unpowered buildings, or Contaminate may cause inaccurate times.
  • Supply counts are checked every 10 seconds.